 Dungeon Crawl Stone Soup version 0.31.0-32-g396128a36d (webtiles) character file.

Game seed: 5858527768737736931

60 hawla the Slasher (level 3, 0/31 HPs)
             Began as a Minotaur Monk on Apr 8, 2024.
             Slain by a hobgoblin
             ... wielding a -3 whip
             ... led by Robin
              (6 damage)
             ... on level 2 of the Dungeon.
             The game lasted 00:01:42 (1091 turns).

hawla the Slasher (Minotaur Monk)                   Turns: 1091, Time: 00:01:43

Health: 0/31       AC:  2    Str: 15    XL:     3   Next: 82%
Magic:  2/2        EV: 13    Int:  7    God:
Gold:   88         SH:  0    Dex: 14    Spells: 2/2 levels left

rFire   . . .        a - +0 falchion
rCold   . . .        d - orb {light}
rNeg    . . .        b - +0 robe
rPois   .            (helmet restricted)
rElec   .            (no cloak)
rCorr   .            (no gloves)
SInv    .            (no boots)
Will    .....        (no amulet)
Stlth   +            (no ring)
HPRegen 0.25/turn    (no ring)
MPRegen 0.08/turn

%: no passive effects
@: glowing
A: horns 2, retaliatory headbutt
a: no special abilities


You were on level 2 of the Dungeon.
You visited 1 branch of the dungeon, and saw 2 of its levels.

You collected 88 gold pieces.

Inventory:

Hand Weapons
 a - a +0 falchion (weapon)
Missiles
 f - 4 poisoned darts (quivered)
Armour
 b - a +0 robe (worn)
 d - an orb of light (worn)
Scrolls
 e - a scroll of enchant armour {unknown}
 g - 4 scrolls of fear {unknown}
 h - a scroll of silence {unknown}
 l - a scroll of teleportation {unknown}
Potions
 c - 2 potions of ambrosia
 i - a potion of resistance {unknown}
 j - a potion of mutation {unknown}
 k - a potion of magic {unknown}
 m - a potion of enlightenment {unknown}


   Skills:
 - Level 3.6 Fighting
 + Level 5.8 Long Blades
 - Level 3.2 Dodging


You had 2 spell levels left.
You didn't know any spells.
Your spell library was empty.

Dungeon Overview and Level Annotations

Branches:
Dungeon (2/15)

Altars:


Innate Abilities, Weirdness & Mutations

You have a pair of horns on your head.
You reflexively headbutt those who attack you in melee.


Message History

You barely miss the goblin. You headbutt the goblin.
You kill the goblin!
The goblin hits you with a +0 dagger. The goblin misses you.
You slash the goblin!
You kill the goblin!
A goblin comes into view. It is wielding a +0 dagger.
The goblin closely misses you.
A goblin comes into view. It is wielding a +0 dagger.
The goblin shouts!
You hit the goblin.
The goblin is moderately wounded.
You hear a shout!
The goblin closely misses you.
You hit the goblin.
You kill the goblin!
A hobgoblin comes into view. It is wielding a -3 whip.
The goblin unwields a +0 dagger.
The goblin wields a +0 sling.
The goblin shoots a sling bullet.
The sling bullet closely misses you.
You see here a +0 dagger.
You barely miss the goblin.
The goblin shoots a sling bullet.
The sling bullet hits you. The goblin barely misses you.
A goblin comes into view. It is wielding a +0 club.
You are too injured to fight recklessly!
You are too injured to fight recklessly!
You are too injured to fight recklessly!
You are too injured to fight recklessly!
Unknown command.
You barely miss the goblin. Your headbutt misses the goblin.
The goblin shoots a sling bullet.
The sling bullet closely misses you. The goblin hits you with a +0 dagger.
You hear a shout!
The hobgoblin hits you but does no damage.
The goblin hits you with a +0 dagger.
The goblin unwields a +0 sling.
The goblin wields a +0 dagger.
The goblin hits you with a +0 dagger.
* * * LOW HITPOINT WARNING * * *
The goblin hits you with a +0 dagger.
* * * LOW HITPOINT WARNING * * *
The hobgoblin hits you with a -3 whip.
You die...

.... ######+### .....
#.[......# .....
#........# ......
#.?....... ....
########...g.....
#..##.......######.#.
##gg........#....#g#.
#g@g......#.##.#.#.
#.##.)......#.#.g#.##
#.....).....#)#.##.##
####........#.#....##
#........#.#######
...........#......##
#...........######.#.
#####...........#....#.#.
#...#.........†##.##.#.#.


You could see a hobgoblin and 3 goblins.

Vanquished Creatures
  Robin (D:2)
  A dart slug (D:1)
  3 ball pythons
  2 bats (D:1)
  3 endoplasms (D:1)
  2 giant cockroaches (D:1)
  10 goblins
  5 hobgoblins (D:1)
  3 jackals
  2 kobolds (D:1)
  3 quokkas (D:1)
  2 frilled lizards
  3 rats (D:1)
  A butterfly (D:1)
41 creatures vanquished.

Notes
Turn   | Place    | Note
-------+----------+-------------------------------------------
     0 | D:1      | hawla the Minotaur Monk began the quest for the Orb.
     0 | D:1      | Reached XP level 1. HP: 19/19 MP: 0/0
    88 | D:1      | Reached skill level 4 in Long Blades
   200 | D:1      | You fall into a shaft and drop 1 floor!
   283 | D:2      | Noticed Robin
   312 | D:2      | Reached XP level 2. HP: 26/26 MP: 1/1
   596 | D:1      | Reached skill level 5 in Long Blades
   598 | D:1      | Reached XP level 3. HP: 16/31 MP: 2/2
  1074 | D:2      | Found a faded altar of an unknown god.
  1082 | D:2      | Killed Robin
  1091 | D:2      | Slain by a hobgoblin

Illustrated notes

Levels and vault maps discovered:
D:1:      spicycebolla_arrival_clurvy, layout_basic, minmay_small_reverse_x
D:2:      layout_basic, ebering_ecumenical_altar_rust, serial_park_tiny_1,
          patterned_corridor, uniq_robin

Skill      XL: |  1  2 |
---------------+-------+-----
Long Blades    | 4 5 |  5.8
Fighting       | |  3.6
Dodging        | |  3.2

Action                     || total
---------------------------++-------
  Melee: Falchion          ||    62
         Headbutt          ||     8
    Use: Potion            ||     1
 Armour: Robe              ||    46
  Dodge: Dodged            ||    49
